 Dungeon Crawl Stone Soup version 0.26.1-12-g5ba1501909 (webtiles) character file.

Game seed: 16335228576806229082

764 Zeld the Sneak (level 7, -6/49 HPs)
             Began as an Octopode Brigand on Oct 28, 2021.
             Splashed by a jelly's acid (7 damage)
             ... on level 5 of the Dungeon.
             The game lasted 00:03:27 (5497 turns).

Zeld the Sneak (Octopode Brigand)                   Turns: 5497, Time: 00:03:28

Health: -6/49      AC: -3    Str: 10    XL:     7   Next: 81%
Magic:  7/7        EV: 14    Int: 13    God:
Gold:   211        SH:  0    Dex: 16    Spells: 6/6 levels left

rFire    . . .     SeeInvis .   a - +2 dagger
rCold    . . .     Faith    .   (no shield)
rNeg     . . .     Spirit   .   (helmet restricted)
rPois    .         Reflect  .   (no amulet)
rElec    .         Harm     .   (no ring)
rCorr    .         Rampage  .   (no ring)
Will     .....                  (no ring)
Stlth    ++++......             (no ring)
HPRegen  0.16/turn              (no ring)
MPRegen  0.10/turn              (no ring)
                                (no ring)
                                (no ring)

@: corroded
A: almost no armour, stealthy swim, amphibious, 8 rings, constrict 8, camouflage
1, gelatinous body 1
a: no special abilities


You were on level 5 of the Dungeon.
You visited 1 branch of the dungeon, and saw 5 of its levels.

You collected 211 gold pieces.

Inventory:

Hand Weapons
 a - a +2 dagger (weapon)
Missiles
 b - 14 poisoned darts (quivered)
 c - 2 curare-tipped darts
Jewellery
 f - an uncursed ring of stealth {unknown}
Scrolls
 e - 6 scrolls of identify {unknown}
 g - a scroll of amnesia {unknown}
 h - 3 scrolls of blinking {unknown}
 i - 3 scrolls of remove curse {unknown}
 n - 2 scrolls of enchant weapon {unknown}
Potions
 d - a potion of might {unknown}
 j - a potion of berserk rage {unknown}
 k - a potion of magic {unknown}
 l - a potion of brilliance {unknown}
 m - a potion of heal wounds {unknown}
 o - a potion of flight {unknown}


   Skills:
 * Level 4.7 Fighting
 * Level 4.6 Short Blades
 * Level 4.5 Throwing
 + Level 2.7 Dodging
 + Level 6.7 Stealth


You had 6 spell levels left.
You didn't know any spells.
Your spell library was empty.

Dungeon Overview and Level Annotations

Branches:
Dungeon (5/15)
 Temple: D:4-7

Altars:
Elyvilon
Gozag
Makhleb
Sif Muna
Zin


Innate Abilities, Weirdness & Mutations

You cannot wear most types of armour.
You are very stealthy in the water. (Stealth+)
You are amphibious.
You can wear up to eight rings at the same time.
You can use your tentacles to constrict eight enemies at once.
Your skin changes colour to match your surroundings (Stealth+).
Your rubbery body absorbs attacks. (AC +1, EV +1)


Message History

* * * LOW HITPOINT WARNING * * *
The jelly closely misses you.
You are too injured to fight recklessly!
A bullfrog zombie comes into view.
You hit the jelly.
Your tentacles burn!
* * * LOW HITPOINT WARNING * * *
The jelly is severely wounded.
The jelly barely misses you.
The jelly jiggles.
You see here a +0 giant club.
You see here 14 bolts.
The jelly hits you.
* * * LOW HITPOINT WARNING * * *
The acid corrodes you!
You are splashed with acid!
* * * LOW HITPOINT WARNING * * *
There is a stone staircase leading up here.
The jelly hits you.
* * * LOW HITPOINT WARNING * * *
The acid corrodes you!
You are splashed with acid!
You die...

# ..........(####.#.#
.>.###.<.#.#...#....###
#..........#........Z..
#.###...###..$#....###
##.## ##.#####.# #.#
#># # #O# #.# #J### #.#
#(@.# #.# ###.# #.# ...
..... ######


You could see an ogre and a jelly.

Vanquished Creatures
  Eustachio (D:4)
  An ogre (D:5)
  A bullfrog (D:3)
  2 orc priests
  A bullfrog skeleton (D:4)
  A hound (D:4)
  An iguana (D:4)
  An orc wizard (D:4)
  Terence (D:2)
  Natasha (thrice) (D:3)
  2 worker ants
  5 adders
  An ooze (D:3)
  4 worms
  3 dart slugs (D:1)
  5 leopard geckos
  8 orcs
  8 bats
  7 giant cockroaches
  6 goblins
  4 hobgoblins (D:1)
  6 jackals
  9 kobolds
  4 quokkas
  2 ball pythons
  4 frilled lizards
  7 rats
98 creatures vanquished.

Notes
Turn   | Place    | Note
-------+----------+-------------------------------------------
     0 | D:1      | Zeld the Octopode Brigand began the quest for the Orb.
     0 | D:1      | Reached XP level 1. HP: 14/14 MP: 1/1
    67 | D:1      | Reached XP level 2. HP: 19/19 MP: 2/2
   317 | D:1      | Reached XP level 3. HP: 25/25 MP: 3/3
   754 | D:2      | Found a shimmering blue altar of Sif Muna.
  1264 | D:2      | Reached XP level 4. HP: 30/30 MP: 4/4
  1319 | D:2      | Noticed Terence
  1328 | D:2      | Killed Terence
  1536 | D:2      | You fall into a shaft and drop 2 floors!
  1544 | D:4      | Reached XP level 5. HP: 36/36 MP: 5/5
  1783 | D:4      | Noticed Eustachio
  1788 | D:4      | Killed Eustachio
  1789 | D:4      | Reached skill level 6 in Stealth
  1789 | D:4      | Reached XP level 6. HP: 43/43 MP: 6/6
  1807 | D:3      | Noticed Natasha
  1809 | D:3      | Killed Natasha
  1852 | D:3      | Noticed Natasha
  1879 | D:3      | HP: 1/43 [shadow imp/nerve-wracking pain[Natasha] (3)]
  2286 | D:3      | Killed Natasha
  2792 | D:2      | Found a burning altar of Makhleb.
  2805 | D:2      | Found an opulent altar of Gozag.
  2825 | D:2      | Noticed an Executioner
  3069 | D:2      | Found a glowing silver altar of Zin.
  3208 | D:3      | Reached XP level 7. HP: 40/48 MP: 7/7
  3239 | D:3      | HP: 2/48 [orc/+1 short sword of speed (4)]
  4310 | D:3      | Noticed Natasha
  4316 | D:3      | Killed Natasha
  5328 | D:4      | Found a white marble altar of Elyvilon.
  5456 | D:5      | Entered Level 5 of the Dungeon
  5497 | D:5      | HP: 1/49 [jelly (3)]
  5497 | D:5      | Splashed by a jelly's acid

Illustrated notes

Levels and vault maps discovered:
D:1:      minmay_arrival_nine_rooms, layout_loops_ring, minivault_27
D:2:      layout_loops_corners, pdpol_temple_overflow_zin_treasury_gozag_greed,
          old_standard_altar, makhleb_altar_promises_db, uniq_terence
D:3:      layout_basic, kennysheep_big_empty_room, uniq_natasha
D:4:      layout_rooms, kennysheep_little_box, uniq_eustachio
D:5:      layout_loops_ring, serial_shops, shop

Skill      XL: |  1  2  3  4  5  6  7 |
---------------+----------------------+-----
Fighting       | 3 4 |  4.7
Short Blades   | 3 4 |  4.6
Throwing       | 3 4 |  4.5
Dodging        | 2 |  2.7
Stealth        | 6 |  6.7

Action                   |  1- 3 |  4- 6 |  7- 9 || total
-------------------------+-------+-------+-------++-------
Melee: Dagger            |    59 |    98 |    71 ||   228
       Constrict         |    11 |    26 |    12 ||    49
       Tentacles         |     9 |    18 |    14 ||    41
Evoke: Wand              |       |     1 |       ||     1
 Stab: Sleeping          |    17 |     8 |    12 ||    37
Armor: Skin              |     3 |     4 |     3 ||    10
Dodge: Dodged            |    15 |    59 |    28 ||   102
